 Dungeon Crawl Stone Soup version 0.26.0-41-g79a4fc7684 (webtiles) character file.

Game seed: 13536976699613096987

35 rel the Cutter (level 3, 24/24 HPs)
             Began as a Kobold Berserker on Jan 27, 2021.
             Was a Follower of Trog.
             Quit the game on level 1 of the Dungeon.
             The game lasted 00:04:00 (2029 turns).

rel the Cutter (Kobold Berserker)                   Turns: 2029, Time: 00:04:00

Health: 24/24      AC:  9    Str: 10    XL:     3   Next: 52%
Magic:  3/3        EV:  9    Int:  9    God:    Trog [*.....]
Gold:   29         SH:  0    Dex: 14    Spells: 2/2 levels left

rFire    . . .     SeeInvis .   a - +0 short sword
rCold    . . .     Faith    .   (shield restricted)
rNeg     . . .     Spirit   .   c - +1 chain mail (curse)
rPois    .         Reflect  .   (no helmet)
rElec    .         Harm     .   (no cloak)
rCorr    .         Rampage  .   (no gloves)
Will     .....                  (no boots)
Stlth    ..........             (no amulet)
HPRegen  0.08/turn              (no ring)
MPRegen  0.08/turn              (no ring)

@: no status effects
A: small, repulsion field 1, nightstalker 3, weak 2
a: Renounce Religion, Berserk


You were on level 1 of the Dungeon.
You worshipped Trog.
Trog was aware of your devotion.
You visited 1 branch of the dungeon, and saw 1 of its levels.

You collected 29 gold pieces.

Inventory:

Hand Weapons
 a - a +0 short sword (weapon)
Armour
 b - a +0 animal skin
 c - a cursed +1 chain mail (worn)
Scrolls
 h - 2 scrolls of fear
Potions
 i - 2 potions of degeneration


   Skills:
 * Level 3.8 Fighting
 * Level 4.6 Short Blades
 + Level 1.9 Armour
 * Level 2.8 Dodging
 * Level 0.2 Stealth


You had 2 spell levels left.
You didn't know any spells.
Your spell library was empty.

Dungeon Overview and Level Annotations

Branches:
Dungeon (1/15)

Altars:


Innate Abilities, Weirdness & Mutations

You are small and have problems with some larger weapons.
You are completely attuned to the shadows.
You are surrounded by a mild repulsion field. (EV +2)
You are very weak. (Str -4)


Message History

Your cursed +0 chain mail glows green for a moment.
Your surroundings suddenly seem different.
What are your orders? t - Shout!
Orders for allies: a - Attack new target. r - Retreat! s - Stop attacking. g - Guard the area. f - Follow me.
Anything else - Cancel.
Okay, then.
As you read the scroll labelled DAOM AROHUE, it crumbles to dust.
Your +0 short sword glows gleaming blue for a moment.
It was a scroll of random uselessness.
It was a potion of mutation.
You feel extremely strange.
You feel weaker. x2; You begin to radiate repulsive energy.
Okay, then.
Saving game... please wait.
Welcome back, rel the Kobold Berserker.
Trog says: Kill them all!
Press ? for a list of commands and other information.
Are you sure you want to abandon this character and quit the game? (Confirm with "yes".)

#...# #........# #
##..# #.###.##.# # #..#
#.# #.##.#### #..# #.#
#........ #..#
#.######..### ####..###
#......)###♣♣ #.......#
#########♣♣..
#.......###########♣.).
#.....@.##.......##...♣
#................#♣..♣♣
#.......##...#####...♣#
#.......####.# #...♣♣#
#.......# #.# #...♣##
####..### #.# ♣..♣♣#.
#..# #.# ♣♣.♣♣ #. #..#
#.##♣..♣####
##..######..#♣..♣#...


There were no monsters in sight!

Vanquished Creatures
  An ooze (D:1)
  A dart slug (D:1)
  A leopard gecko (D:1)
  A giant cockroach (D:1)
  A goblin (D:1)
  4 hobgoblins (D:1)
  4 jackals (D:1)
  A ball python (D:1)
  3 bats (D:1)
  3 frilled lizards (D:1)
  3 kobolds (D:1)
  5 rats (D:1)
28 creatures vanquished.

Notes
Turn   | Place    | Note
-------+----------+-------------------------------------------
     0 | D:1      | rel the Kobold Berserker began the quest for the Orb.
     0 | D:1      | Reached XP level 1. HP: 14/14 MP: 1/1
    64 | D:1      | Reached XP level 2. HP: 4/19 MP: 2/2
  1253 | D:1      | Reached XP level 3. HP: 22/24 MP: 3/3
  2026 | D:1      | Gained mutation: You are weak. (Str -2) [potion of
                  | mutation]
  2026 | D:1      | Gained mutation: You are very weak. (Str -4) [potion of
                  | mutation]
  2026 | D:1      | Gained mutation: You are surrounded by a mild repulsion
                  | field. (EV +2) [potion of mutation]
  2029 | D:1      | Quit the game

Illustrated notes

Levels and vault maps discovered:
D:1:      sevenhm_arrival_forest_fort_large_3, layout_loops_ring,
          minmay_tetromino_l4

Action                   || total
-------------------------++-------
Melee: Short sword       ||   108
Invok: Berserk           ||     1
  Use: Scroll            ||     5
       Potion            ||     1
Armor: Chain mail        ||    90
Dodge: Dodged            ||    92
